cohdb
Replays
Latest Replays
All Replays
Popular Replays
Top Player Replays
Match Explorer
How It Works
Community
CoH3 Stats
Reddit
Sign in to upload your games and track your stats! →
Sign in with Steam
Match 42550439
Unlisted
Match 42550439
Overview
Messages
Build Orders
End
Construct Section Command Post
Vickers Machine Gun Team
Selects Canadian Shock Battlegroup
Vickers Machine Gun Team
Royal Engineer Section
Selects Attacking Spirit
Selects Canadian Shock Section
Royal Engineer Section
Canadian Shock Section
Selects Incendiary Munitions
Canadian Shock Section
Construct Platoon Command Post
Selects Pyrotechnics
6-pounder Anti-tank Gun Team
Unlock Bishop Self-propelled Artillery
Bishop Self-propelled Artillery
Selects Smoke Operation
Bishop Self-propelled Artillery
Bishop Self-propelled Artillery
Light Vehicle Training
Smoke Operation
Canadian Shock Section
Royal Engineer Section
Spartan0237
Deadpool (OCdt)
鷹教皇
DirtyPriest
homig
kerem
Foaly
巨蟹座
0
0
Comments
sign in to comment!
No comments posted yet!